 Dungeon Crawl Stone Soup version 0.30-a0-137-gd8773701ce (webtiles) character file.

Game seed: 797477951665539868

1439 ragingrage the Thaumaturge (level 8, 0/60 HPs)
             Began as a Gnoll Wanderer on Sept 23, 2022.
             Was a Believer of Cheibriados.
             Slain by an iguana (12 damage)
             ... on level 6 of the Dungeon.
             The game lasted 00:10:57 (7920 turns).

ragingrage the Thaumaturge (Gnoll Wanderer)         Turns: 7920, Time: 00:10:58

Health: 0/60       AC:  6    Str: 21    XL:     8   Next: 74%
Magic:  20/22      EV: 13    Int: 15    God:    Cheibriados [**....]
Gold:   315        SH:  0    Dex: 15    Spells: 19/27 levels left

rFire   . . .      SeeInvis .    a - +1 dagger (venom)
rCold   . . .      Faith    .    (no shield)
rNeg    . . .      Spirit   .    k - +1 leather armour {rPois}
rPois   +          Reflect  .    r - +2 helmet
rElec   .          Harm     .    (no cloak)
rCorr   .          Rampage  .    (no gloves)
Will    .....                    (no boots)
Stlth   +++.......               (no amulet)
HPRegen 0.20/turn                d - ring of poison resistance
MPRegen 0.18/turn                (no ring)

@: very slow
A: fangs 1, strong nose, distributed training, thin skeletal structure 1,
deformed body
a: Renounce Religion, Bend Time


You were on level 6 of the Dungeon.
You worshipped Cheibriados.
Cheibriados was pleased with you.
You visited 2 branches of the dungeon, and saw 7 of its levels.

You collected 315 gold pieces.

Inventory:

Hand Weapons
 a - a +1 dagger of venom (weapon)
 b - a +2 vorpal spear
 c - a +1 dagger of draining
 g - a +0 hand axe
 n - a +0 war axe
 s - a +3 trident
Missiles
 p - 8 boomerangs
 v - 2 throwing nets
 w - 11 poisoned darts
Armour
 k - a +1 leather armour of poison resistance (worn)
 r - a +2 helmet (worn)
Jewellery
 d - a ring of poison resistance (left hand)
Wands
 q - a wand of flame (10)
Scrolls
 e - 4 scrolls of teleportation {unknown}
 f - a scroll of amnesia {unknown}
 h - 5 scrolls of identify {unknown}
 j - a scroll of immolation {unknown}
 l - 3 scrolls of blinking {unknown}
 o - 2 scrolls of noise {unknown}
 y - a scroll of magic mapping {unknown}
 z - a scroll of poison {unknown}
Potions
 m - 5 potions of attraction
 t - 2 potions of might {unknown}
 x - a potion of brilliance {unknown}
Miscellaneous
 i - a piece from Xom's chessboard (15/15)


   Skills:
 + Level 3.6 Fighting
 + Level 3.6 Short Blades
 + Level 3.6 Long Blades
 + Level 7.6 Axes
 + Level 3.6 Maces & Flails
 + Level 3.6 Polearms
 + Level 3.6 Staves
 + Level 3.6 Ranged Weapons
 + Level 3.6 Throwing
 + Level 3.6 Armour
 + Level 3.6 Dodging
 + Level 3.6 Stealth
 + Level 3.6 Shields
 + Level 3.6 Unarmed Combat
 + Level 10.0 Spellcasting
 + Level 3.0 Conjurations
 + Level 4.9 Hexes
 + Level 3.0 Summonings
 + Level 3.0 Necromancy
 + Level 3.0 Translocations
 + Level 3.0 Transmutations
 + Level 3.0 Fire Magic
 + Level 3.0 Ice Magic
 + Level 3.0 Air Magic
 + Level 3.0 Earth Magic
 + Level 3.0 Poison Magic
 + Level 4.0 Invocations
 + Level 4.5 Evocations


You had 19 spell levels left.
You knew the following spells:

 Your Spells              Type           Power      Damage    Failure   Level
a - Slow                  Hex            88%        N/A       1%          1
b - Summon Guardian Gole  Hex/Summ       19%        N/A       6%          3
c - Sandblast             Erth           32%        2d9       3%          1
d - Stone Arrow           Conj/Erth      32%        3d9       10%         3

Your spell library contained the following spells:

 Spells                   Type           Power      Damage    Failure   Level
 Passwall                 Tmut/Erth      13%        N/A       4%          2
 Confusing Touch          Hex            22%        N/A       4%          3
 Anguish                  Hex/Necr       9%         N/A       22%         4
 Enfeeble                 Hex            11%        N/A       100%        7


Dungeon Overview and Level Annotations

Branches:
Dungeon (6/15)             Temple (1/1) D:4

Altars:
Cheibriados
Dithmenos
Fedhas
Nemelex Xobeh
Qazlal
Trog
Wu Jian
The Shining One

Shops:
D:4 :   D:6 :

Annotations:
D:3 exclusion: downstairs
D:4 1 exclusion, Blork the orc, Eustachio
D:5 2 runed translucent doors
Temple 2 transporters


Innate Abilities, Weirdness & Mutations

You have very sharp teeth.
Your uncanny sense of smell can sniff out nearby items.
Your experience applies equally to all skills.
You have a somewhat thin skeletal structure. (Dex +2, Stealth+)
Armour fits poorly on your strangely shaped body.


Message History

Confirm with . or Enter, or press ? or * to list all spells.
A guardian golem appears, shielding your allies.
The ice beast closely misses you.
The iguana bites you but does no damage.
You hit the iguana. You bite the iguana.
The iguana is heavily wounded.
The ice beast hits you. The ice beast freezes you. The iguana bites you.
You hit the iguana but do no damage.
The iguana is heavily wounded.
The iguana bites you.
The ice beast hits you but does no damage.
You swap places.
The iguana completely misses you.
The ice beast hits your guardian golem but does no damage.
The iguana bites you!
* * * LOW HITPOINT WARNING * * *
The ice beast hits your guardian golem.
The ice beast freezes your guardian golem.
Your guardian golem resists.
The iguana closely misses you.
The ice beast barely misses your guardian golem.
The iguana attacks as you move away! The iguana bites you!
* * * LOW HITPOINT WARNING * * *
The iguana hisses menacingly.
The ice beast hits your guardian golem but does no damage.
You feel better. The iguana bites you!
* * * LOW HITPOINT WARNING * * *
The ice beast hits your guardian golem but does no damage.
The ice beast hits your guardian golem but does no damage.
The iguana closely misses you.
The ice beast hits your guardian golem but does no damage.
Your +1 dagger of venom begins to drip with poison!
a - a +1 dagger of venom (weapon)
You hit the iguana but do no damage.
The iguana is heavily wounded.
The ice beast hits your guardian golem.
The ice beast freezes your guardian golem!
Your guardian golem resists.
The iguana hisses menacingly.
The iguana bites you!
You die...

.)...... ....
.##################.######
.÷....#.........)........<
.####.#..##########.#..####
÷####......................
.....#.......#.....Y.#.....
.....))...#......#9.....#
....#)..#.....#..l..#.....
....#..#....#...@#....#...
######...#)..#...#..[#...#
#...#..#..#..#..#..#..#
##.#.#.#.#.#.#.#.#.# #.
#.##.##.##.###.##.#
##.###.## )# = . . ##[# ##
# ∆## #∆ ### ∆ ####
############# ##########
#..#


You could see an ice beast (ally target), an iguana and a friendly guardian
golem (summoned).

Vanquished Creatures
  A black bear (D:6)
  4 phantoms
  A necrophage (D:6)
  Dowan (D:4)
  3 hounds
  2 orc priests
  2 iguanas
  An orc wizard (D:5)
  3 gnolls (D:5)
  6 adders
  2 white imps (D:6)
  A worm (D:4)
  A dart slug (D:4)
  17 orcs
  5 endoplasms
  4 giant cockroaches
  18 goblins
  10 hobgoblins
  3 jackals (D:1)
  5 kobolds
  4 quokkas
  11 ball pythons
  2 bats (D:1)
  2 frilled lizards (D:1)
  6 rats
115 creatures vanquished.

Vanquished Creatures (others)
  A yak (D:6)
  Duvessa (D:4)
  A black bear (D:3)
  A necrophage (D:4)
  An orc wizard (D:4)
  Robin (D:3)
  5 gnolls
  An adder (D:6)
  2 orcs
  A quokka (D:4)
  10 plants (D:1)
25 creatures vanquished.

Grand Total: 140 creatures vanquished

Notes
Turn   | Place    | Note
-------+----------+-------------------------------------------
     0 | D:1      | Reached skill level 9 in Spellcasting
     0 | D:1      | ragingrage the Gnoll Wanderer began the quest for the Orb.
     0 | D:1      | ragingrage set off with the following items: a +0 hand axe,
                  | a piece from Xom's chessboard (15/15), a potion of
                  | lignification, a +0 leather armour; and the following spell
                  | memorised: Slow; and the following spells available to
                  | memorise: Confusing Touch, Summon Guardian Golem.
     0 | D:1      | Reached XP level 1. HP: 13/13 MP: 10/10
   407 | D:1      | Reached XP level 2. HP: 9/19 MP: 10/12
  1110 | D:1      | Reached XP level 3. HP: 15/25 MP: 13/13
  1608 | D:2      | Found a stormy altar of Qazlal.
  1628 | D:2      | Found a faded altar of an unknown god.
  1641 | D:2      | Reached skill level 1 in Invocations
  1859 | D:2      | Reached skill level 1 in Fighting
  1859 | D:2      | Reached skill level 1 in Short Blades
  1859 | D:2      | Reached skill level 1 in Long Blades
  1859 | D:2      | Reached skill level 1 in Maces & Flails
  1859 | D:2      | Reached skill level 1 in Polearms
  1859 | D:2      | Reached skill level 1 in Staves
  1859 | D:2      | Reached skill level 1 in Ranged Weapons
  1859 | D:2      | Reached skill level 1 in Throwing
  1859 | D:2      | Reached skill level 1 in Armour
  1859 | D:2      | Reached skill level 1 in Dodging
  1859 | D:2      | Reached skill level 1 in Stealth
  1859 | D:2      | Reached skill level 1 in Shields
  1859 | D:2      | Reached skill level 1 in Unarmed Combat
  2285 | D:3      | Reached XP level 4. HP: 32/32 MP: 15/15
  2289 | D:3      | Reached skill level 1 in Conjurations
  2289 | D:3      | Reached skill level 1 in Summonings
  2289 | D:3      | Reached skill level 1 in Necromancy
  2289 | D:3      | Reached skill level 1 in Translocations
  2289 | D:3      | Reached skill level 1 in Transmutations
  2289 | D:3      | Reached skill level 1 in Fire Magic
  2289 | D:3      | Reached skill level 1 in Ice Magic
  2289 | D:3      | Reached skill level 1 in Air Magic
  2289 | D:3      | Reached skill level 1 in Earth Magic
  2289 | D:3      | Reached skill level 1 in Poison Magic
  2370 | D:3      | Learned a level 3 spell: Summon Guardian Golem
  2841 | D:3      | Noticed a black bear
  2866 | D:3      | Killed a black bear
  2867 | D:3      | Reached XP level 5. HP: 37/38 MP: 14/16
  3193 | D:3      | Noticed Robin
  3357 | D:3      | Reached XP level 6. HP: 33/44 MP: 14/18
  3360 | D:3      | Killed Robin
  4203 | D:4      | Noticed Blork the orc
  4206 | D:4      | Noticed a nameless horror
  4261 | D:4      | Noticed Eustachio
  4664 | D:4      | Found a snail-covered altar of Cheibriados.
  4697 | D:4      | Became a worshipper of Cheibriados the Contemplative
  4722 | D:4      | Noticed Duvessa
  4725 | D:4      | Noticed Dowan
  4735 | D:4      | Killed Duvessa
  4736 | D:4      | Reached XP level 7. HP: 50/50 MP: 18/20
  4859 | D:4      | Gained mutation: Armour fits poorly on your strangely
                  | shaped body. [potion of mutation]
  4859 | D:4      | Gained mutation: You have a somewhat thin skeletal
                  | structure. (Dex +2, Stealth+) [potion of mutation]
  4877 | D:4      | Killed Dowan
  5354 | D:4      | Found a shadowy altar of Dithmenos.
  5420 | D:4      | Reached * piety under Cheibriados
  5481 | D:4      | Found a staircase to the Ecumenical Temple.
  5491 | Temple   | Entered the Ecumenical Temple
  5491 | Temple   | Found a transporter.
  5491 | Temple   | Found a transporter.
  5744 | D:4      | Found Mir Fuku's Book Boutique.
  5792 | D:5      | Entered Level 5 of the Dungeon
  6404 | D:5      | Reached XP level 8. HP: 57/58 MP: 21/21
  6859 | D:5      | Found a runed translucent door.
  6862 | D:5      | Found a runed translucent door.
  7185 | D:6      | Found Rupsoc's Book Boutique.
  7498 | D:6      | Reached ** piety under Cheibriados
  7501 | D:6      | Learned a level 1 spell: Sandblast
  7505 | D:6      | Learned a level 3 spell: Stone Arrow
  7585 | D:6      | Noticed a yak
  7599 | D:6      | Killed a yak
  7600 | D:6      | Reached skill level 10 in Spellcasting
  7920 | D:6      | Slain by an iguana

Illustrated notes

Levels and vault maps discovered:
D:1:      tarquinn_simple_flora_water_a, layout_basic, hangedman_decor_riveting
D:2:      layout_rooms, chequers_ecumenical_altar_island, basic_altar,
          amcnicky_mini_rare_corridor_liquid, ebering_dispersal_statue_hall,
          grunt_ministairs_8, minmay_misc_feat_columns, lightli_corner_chamber
D:3:      layout_basic, uniq_robin
D:4:      layout_loops_corners, old_standard_altar, tgw_kikubaaqudgha,
          mainiacjoe_overflow_surrounded_room, temple_hall,
          kennysheep_decorative_pillar, nicolae_take_the_stairs, uniq_eustachio,
          uniq_duvessa, uniq_blork_the_orc
D:5:      lemuel_insect_pit, layout_basic, chequers_serial_rivers_micro_a,
          minmay_misc_feat_cross, kennysheep_minor_cross
D:6:      layout_basic, serial_shops, kennysheep_mini_moat,
          minmay_increasing_density
Temple:   hellmonk_temple_divided_pantheon

Skill      XL: |  1  2  3  4  5  6  7  8 |
---------------+-------------------------+-----
Spellcasting   | 10 | 10.0
Invocations    | 1 2 3 4 |  4.0
Fighting       | 1 2 3 |  3.6
Short Blades   | 1 2 3 |  3.6
Long Blades    | 1 2 3 |  3.6
Maces & Flails | 1 2 3 |  3.6
Polearms       | 1 2 3 |  3.6
Staves         | 1 2 3 |  3.6
Ranged Weapons | 1 2 3 |  3.6
Throwing       | 1 2 3 |  3.6
Armour         | 1 2 3 |  3.6
Dodging        | 1 2 3 |  3.6
Stealth        | 1 2 3 |  3.6
Shields        | 1 2 3 |  3.6
Unarmed Combat | 1 2 3 |  3.6
Conjurations   | 1 2 3 |  3.0
Summonings     | 1 2 3 |  3.0
Necromancy     | 1 2 3 |  3.0
Translocations | 1 2 3 |  3.0
Transmutations | 1 2 3 |  3.0
Fire Magic     | 1 2 3 |  3.0
Ice Magic      | 1 2 3 |  3.0
Air Magic      | 1 2 3 |  3.0
Earth Magic    | 1 2 3 |  3.0
Poison Magic   | 1 2 3 |  3.0
Hexes          | 4 |  4.9
Evocations     | 3 4 |  4.5
Axes           | 7 |  7.6

Action                   |  1- 3 |  4- 6 |  7- 9 || total
-------------------------+-------+-------+-------++-------
Melee: Hand axe          |    55 |       |       ||    55
       Bite              |    12 |     6 |    32 ||    50
       Dagger            |    67 |   119 |   143 ||   329
       Punch             |       |     4 |     4 ||     8
       Spear             |       |       |    63 ||    63
       Trident           |       |       |     6 ||     6
 Cast: Slow              |    14 |     9 |     3 ||    26
       Summon Guardian G |       |     6 |    15 ||    21
       Stone Arrow       |       |       |     3 ||     3
       Sandblast         |       |       |     1 ||     1
Evoke: Wand              |       |       |     8 ||     8
  Use: Potion            |     4 |       |     3 ||     7
 Stab: Sleeping          |       |     1 |     3 ||     4
Armor: Leather armour    |    26 |    24 |    57 ||   107
       Skin              |     2 |     3 |       ||     5
Dodge: Dodged            |    67 |    58 |   117 ||   242

Table legend: (Time is in decaauts)
 A = Elapsed time spent in this place.
 B = Non-inter-level travel time spent in this place.
 C = Inter-level travel time spent in this place.
 D = Time resting spent in this place.
 E = Time spent auto-exploring this place.
 F = Levels seen in this place.
 G = Mean time per level.
                   A        B        C        D        E       F      G
               +--------+--------+--------+--------+--------+-----+--------+
         Total |   8486 |   8073 |    413 |   2184 |   4159 |   7 | 1212.3 |
       Dungeon |   8484 |   8071 |    413 |   2184 |   4159 |   6 | 1414.0 |
        Temple |      1 |      1 |      0 |      0 |      0 |   1 |    1.0 |
               +--------+--------+--------+--------+--------+-----+--------+

Top non-repeatable levels by time:
     D:4: 1953 daAuts
     D:3: 1727 daAuts
     D:1: 1580 daAuts
     D:5: 1427 daAuts
     D:6: 949 daAuts
     D:2: 847 daAuts
  Temple: 1 daAuts
